 Dungeon Crawl Stone Soup version 0.31-a0-1321-g5021b54cb2 (webtiles) character file.

Game seed: 17309355491851375309

5009 MachoJfn the Thaumaturge (level 10, -12/62 HPs)
             Began as a Djinni Fire Elementalist on Dec 20, 2023.
             Was an Initiate of Yredelemnul.
             Mangled by a two-headed ogre
             ... wielding a +5 dire flail
              (21 damage)
             ... on level 7 of the Dungeon.
             The game lasted 00:38:51 (12810 turns).

MachoJfn the Thaumaturge (DjFE)                    Turns: 12810, Time: 00:38:53

Health: -12/62     AC:  8    Str:  7    XL:     10   Next: 84%
Gold:   127        EV: 12    Int: 20    God:    Yredelemnul [......] SH:  0 Dex: 17

rFire   + + +        i - +5 dagger (freeze)
rCold   x . .        (no shield)
rNeg    . . .        s - +1 robe {Will+}
rPois   ∞            (no helmet)
rElec   .            j - +0 cloak
rCorr   +            y - +1 pair of gloves {hurl}
SInv    .            (boots unavailable)
Will    ++...        B - amulet "Wahocaji" {Faith Fly Dex+2}
Stlth   ++++         e - ring of protection from fire
HPRegen 0.30/turn    C - ring of resist corrosion
MPRegen 0.00/turn

%: faith, infuse magic (-13 HP)
@: flying
A: sickness immunity, fire resistance 2, cold vulnerability 1, float, innate
caster, HP casting, extra vitality 1, claws 1, iridescent scales 1
a: Renounce Religion, Recall Undead Harvest


You were on level 7 of the Dungeon.
You worshipped Yredelemnul.
Yredelemnul was noncommittal.
You visited 1 branch of the dungeon, and saw 8 of its levels.
You also visited: Ossuary.

You collected 442 gold pieces.
You spent 315 gold pieces at shops.

Inventory:

Hand Weapons
 i - a +5 dagger of freezing (weapon)
Missiles
 d - 68 stones
 l - a curare-tipped dart
Armour
 j - a +0 cloak (worn)
 s - a +1 robe of willpower (worn)
 y - a +1 pair of gloves of hurling (worn)
 D - a +0 leather armour
Jewellery
 e - a ring of protection from fire (left hand)
 B - the amulet "Wahocaji" (around neck) {Faith Fly Dex+2}
   (You found it on level 5 of the Dungeon)

   [amulet of faith]

   Faith:     It allows you to gain divine favour quickly.
   Dex+2:     It affects your dexterity (+2).
   Fly:       It grants you flight.
 C - a ring of resist corrosion (right hand)
Wands
 m - a wand of flame (9)
 n - a wand of polymorph (11)
 q - a wand of quicksilver (18)
Scrolls
 b - a scroll of immolation
 c - a scroll of fear
 o - a scroll of blinking
 r - 2 scrolls of poison
 v - a scroll of fog
 w - a scroll of amnesia
Potions
 f - 2 potions of lignification
 g - 2 potions of curing
 h - a potion of heal wounds
 k - 2 potions of attraction
 p - 4 potions of brilliance
 t - 2 potions of degeneration
 u - a potion of mutation
 x - 3 potions of ambrosia
 z - a potion of might {unknown}
 A - a potion of cancellation


   Skills:
 + Level 1.3 Fighting
 - Level 3.0 Short Blades
 - Level 2.1 Dodging
 * Level 8.0 Stealth
 * Level 8.0 Spellcasting
 * Level 8.0 Conjurations
 * Level 8.0 Hexes
 * Level 8.0 Summonings
 * Level 8.0 Necromancy
 * Level 8.0 Translocations
 * Level 8.0 Fire Magic
 * Level 8.0 Ice Magic
 * Level 8.0 Air Magic
 * Level 8.0 Earth Magic
 * Level 8.0 Alchemy
 * Level 7.4 Invocations


You knew the following spells:

 Your Spells              Type           Power      Damage    Failure   Level
a - Foxfire               Conj/Fire      100%       2x1d9     1%          1
b - Scorch                Fire           80%        2d8       1%          2
c - Volatile Blastmotes   Fire/Tloc      80%        2d16      1%          3
d - Inner Flame           Hex/Fire       40%        N/A       1%          3
e - Flame Wave            Conj/Fire      40%        2d11      3%          4
f - Apportation           Tloc           80%        N/A       1%          1
g - Jinxbite              Hex            80%        N/A       1%          2
h - Fugue of the Fallen   Necr           40%        N/A       1%          3
i - Dazzling Flash        Conj/Hex       80%        N/A       1%          3
Your spell library was empty.

Dungeon Overview and Level Annotations

Branches:
Dungeon (8/15)             Temple (0/1) D:7         Ossuary (visited)
   Lair: D:8-11

Altars:
Cheibriados
Hepliaklqana
Makhleb
Qazlal
Trog
Yredelemnul
The Shining One

Shops:
D:3 !([!   D:6 [   D:7 =?[=


Innate Abilities, Weirdness & Mutations

You are immune to sickness and miasma.
You are immune to poison.
Your flesh is very heat resistant. (rF++)
You are vulnerable to cold. (rC-)
You float through the air rather than walking.
You learn spells naturally, not from books.
Your magical power is your life essence.
You have superior vitality. (+4 MHP)
You have sharp fingernails.
You are partially covered in iridescent scales. (AC +2)


Message History

The orc warrior hits Erica with a +0 mace!
There is an escape hatch in the ceiling here.
Casting: Scorch (safe; 1% risk of failure)
Confirm with . or Enter, or press ? or * to list all spells.
Flames lash the two-headed ogre.
The two-headed ogre is burned terribly!
The two-headed ogre is heavily wounded.
Psyche hits the orc.
The orc closely misses Erica.
The orc warrior hits Erica with a +0 mace!
The orc wizard hits Erica with a +0 dagger.
Erica hits the orc warrior but does no damage.
Erica grabs the orc warrior.
Erica constricts the orc warrior.
You can no longer trade souls for undead servants.
Casting: Scorch (safe; 1% risk of failure)
Confirm with . or Enter, or press ? or * to list all spells.
Flames lash the two-headed ogre.
The two-headed ogre is burned terribly!
The two-headed ogre is severely wounded.
Psyche misses the orc.
The orc closely misses Erica.
The two-headed ogre hits you with a +5 dire flail!
* * * LOW HITPOINT WARNING * * *
The two-headed ogre closely misses you.
The orc warrior barely misses Erica.
The orc wizard hits Erica with a +0 dagger.
Erica hits the orc warrior.
Erica constricts the orc warrior.
The orc closely misses Erica.
The orc warrior hits Erica with a +0 mace!
The two-headed ogre barely misses you.
The two-headed ogre hits you with a +0 giant club!
* * * LOW HITPOINT WARNING * * *
Erica hits the orc warrior but does no damage.
Erica constricts the orc warrior.
A mysterious force pulls you upwards. The hatch slams shut behind you.
You feel better.
Casting: Scorch (safe; 1% risk of failure)
Confirm with . or Enter, or press ? or * to list all spells.
Flames lash the two-headed ogre.
The two-headed ogre is burned terribly!
The two-headed ogre is almost dead.
The two-headed ogre hits you with a +5 dire flail!
* * * LOW HITPOINT WARNING * * *
The two-headed ogre hits you with a +0 giant club!!
You die...
Your body rises from the dead as a mindless zombie.

#...##.⌠.##..ZZZZZ..ZZ
#....##.##............
#......#..#.........#.
#....[....#.........##
#.........###+#.....##
#.........# #.'.....+.
#.........# ###.....##
#.........# #.....##
#...O@....#####.....##
#...............######
#######.........#
#.....[...#
#.........#
#.........#
#.........#
#.........#
#.........#


You could see a two-headed ogre (combustible).

Vanquished Creatures
  Erica (D:8)
  A steam dragon (D:6)
  An acid dragon (D:8)
  A water moccasin (D:6)
  3 sky beasts
  2 ice beasts
  A black bear (D:5)
  3 ogres
  2 phantoms (D:5)
  A centaur (D:6)
  A kobold brigand (D:6)
  A gnoll sergeant (D:6)
  8 scorpions
  8 wights (D:8)
  5 hounds
  2 gnoll boudas
  3 human zombies (Ossuary)
  3 orc priests
  2 sleepcaps
  5 iguanas
  Ijyb (D:5)
  An orc wizard (D:6)
  7 scorpion zombies (Ossuary)
  The ghost of parrotman the Slasher, a weakling MiMo (D:4)
  A hound zombie (D:4)
  3 mummies
  9 gnolls
  6 river rats (D:6)
  9 adders
  A shadow imp (D:6)
  A white imp (D:6)
  5 ufetubi
  An adder zombie (D:4)
  4 worms
  3 dart slugs
  19 orcs
  5 bats
  4 endoplasms
  A giant cockroach (D:4)
  3 gnoll zombies (Ossuary)
  4 goblins
  5 hobgoblins
  6 jackals
  10 kobolds
  6 quokkas
  2 ball pythons
  3 frilled lizards
  2 goblin zombies (Ossuary)
  3 hobgoblin zombies (Ossuary)
  A jackal zombie (D:3)
  An orc zombie (Ossuary)
  18 rats
200 creatures vanquished.

Vanquished Creatures (collateral kills)
  Psyche (D:8)
  A wyvern (D:7)
  A water moccasin (D:8)
  An ogre (D:7)
  2 scorpions (Ossuary)
  2 wights (D:8)
  A jelly (D:5)
  A scorpion zombie (Ossuary)
  A mummy (Ossuary)
  A gnoll (D:7)
  A gnoll zombie (Ossuary)
  2 quokkas (D:6)
  A hobgoblin zombie (Ossuary)
  An orc zombie (Ossuary)
  4 rats (D:6)
21 creatures vanquished.

Vanquished Creatures (others)
  A water moccasin zombie (D:6)
  A centaur zombie (D:6)
  2 scorpion zombies
  An acid dragon zombie (D:8)
  A sky beast zombie (D:7)
  A hound zombie (D:6)
  3 adder zombies
  2 gnoll zombies (D:6)
  A spectral white imp (D:6)
  A jackal zombie (D:3)
  2 kobold zombies (D:6)
  11 orc zombies
  A quokka zombie (D:6)
  8 rat zombies (D:6)
  3 spectral ufetubi
  129 foxfires
168 creatures vanquished.

Grand Total: 389 creatures vanquished

Notes
Turn   | Place    | Note
-------+----------+-------------------------------------------
     0 | D:1      | MachoJfn the Djinni Fire Elementalist began the quest for
                  | the Orb.
     0 | D:1      | MachoJfn set off with the following spells memorised:
                  | Foxfire, Scorch, Volatile Blastmotes, Inner Flame, Flame
                  | Wave.
     0 | D:1      | Reached XP level 1. HP: 15/15 MP: 0/0
   151 | D:1      | Reached XP level 2. HP: 19/21 MP: 0/0
   691 | D:2      | Reached XP level 3. HP: 23/25 MP: 0/0
   691 | D:2      | Learned a level 1 spell: Apportation
   802 | D:2      | Found a glowing golden altar of the Shining One.
  1102 | D:2      | Reached XP level 4. HP: 25/31 MP: 0/0
  1216 | D:2      | Reached skill level 1 in Short Blades
  1506 | D:3      | Noticed an ogre
  1514 | D:3      | Killed an ogre
  1515 | D:3      | Reached XP level 5. HP: 25/35 MP: 0/0
  1515 | D:3      | Learned a level 2 spell: Jinxbite
  1515 | D:3      | Found Uliawuw's Armour Boutique.
  1580 | D:3      | Found a basalt altar of Yredelemnul.
  1587 | D:3      | Found a stormy altar of Qazlal.
  1599 | D:3      | Became a worshipper of Yredelemnul the Dark
  1875 | D:3      | Found Voymer's Distillery.
  1880 | D:3      | Bought a potion of heal wounds for 60 gold pieces
  2103 | D:3      | Noticed a great orb of eyes
  2104 | D:3      | Found a faded altar of an unknown god.
  2105 | D:3      | Reached * piety under Yredelemnul
  2107 | D:3      | Noticed a glass eye
  2108 | D:3      | Noticed an eye of devastation
  2108 | D:3      | Noticed a glass eye
  2169 | D:3      | Noticed an ice beast
  2177 | D:3      | Killed an ice beast
  2178 | D:3      | Reached XP level 6. HP: 24/40 MP: 0/0
  2482 | D:3      | Found a hazy altar of Hepliaklqana.
  2540 | D:3      | Found Enefelisk's Antique Weapon Shop.
  2603 | D:3      | Reached ** piety under Yredelemnul
  2618 | D:3      | Found Loteid's Distillery.
  3480 | D:4      | Noticed parrotman's ghost (weakling MiMo)
  3499 | D:4      | Found a runed translucent door.
  3923 | D:4      | Reached XP level 7. HP: 37/45 MP: 0/0
  3923 | D:4      | Learned a level 3 spell: Fugue of the Fallen
  4435 | D:4      | Reached skill level 1 in Invocations
  4787 | D:4      | Killed parrotman's ghost
  5147 | D:5      | Entered Level 5 of the Dungeon
  5167 | D:5      | Found a bloodstained altar of Trog.
  5299 | D:5      | Reached skill level 5 in Spellcasting
  5299 | D:5      | Reached skill level 5 in Conjurations
  5299 | D:5      | Reached skill level 5 in Hexes
  5299 | D:5      | Reached skill level 5 in Summonings
  5299 | D:5      | Reached skill level 5 in Necromancy
  5299 | D:5      | Reached skill level 5 in Translocations
  5299 | D:5      | Reached skill level 5 in Fire Magic
  5299 | D:5      | Reached skill level 5 in Ice Magic
  5299 | D:5      | Reached skill level 5 in Air Magic
  5299 | D:5      | Reached skill level 5 in Earth Magic
  5299 | D:5      | Reached skill level 5 in Alchemy
  5479 | D:5      | Reached XP level 8. HP: 45/50 MP: 0/0
  5585 | D:5      | Noticed Ijyb
  5594 | D:5      | Killed Ijyb
  5710 | D:5      | Found a sand-covered staircase.
  5736 | Ossuary  | Entered an ossuary
  6119 | Ossuary  | Reached skill level 5 in Stealth
  6508 | Ossuary  | Reached XP level 9. HP: 39/56 MP: 0/0
  6508 | Ossuary  | Learned a level 3 spell: Dazzling Flash
  6650 | Ossuary  | Gained mutation: You are partially covered in iridescent
                  | scales. (AC +2) [potion of mutation]
  6650 | Ossuary  | Gained mutation: You have sharp fingernails. [potion of
                  | mutation]
  7011 | D:5      | Found a snail-covered altar of Cheibriados.
  7012 | D:5      | Found a burning altar of Makhleb.
  7488 | D:5      | Identified the amulet "Wahocaji" {Faith Fly Dex+2}
  7998 | D:6      | Found Nyimoeco's Armour Shop.
  8084 | D:6      | Reached skill level 5 in Invocations
  9179 | D:6      | Reached skill level 1 in Fighting
  9579 | D:6      | Reached *** piety under Yredelemnul
 10913 | D:7      | Found a staircase to the Ecumenical Temple.
 10920 | D:7      | Reached XP level 10. HP: 57/62 MP: 0/0
 11532 | D:7      | Found Zoeraof's Jewellery Shoppe.
 11536 | D:7      | Found Wyquzxea's Antique Armour Shoppe.
 11537 | D:7      | Found Isoxta Usick's Magic Scroll Shoppe.
 11543 | D:7      | Found Ubuduiz's Jewellery Shoppe.
 11551 | D:7      | Bought a pair of runed gloves for 255 gold pieces
 12434 | D:8      | Noticed Erica
 12447 | D:8      | Killed Erica
 12793 | D:8      | Noticed Psyche
 12795 | D:8      | Noticed a two-headed ogre
 12799 | D:8      | Killed Psyche
 12810 | D:7      | Mangled by a two-headed ogre

Illustrated notes

Levels and vault maps discovered:
D:1:      giann_bridges, layout_basic, minmay_misc_feat_chi,
          corexii_hall_statues_i, minmay_misc_feat_five,
          minmay_misc_feat_diagonals, minmay_crystal_water
D:2:      layout_loops_ring, basic_altar
D:3:      layout_basic, mainiacjoe_overflow_big_doors,
          nzn_hepliaklqana_mist_gate, mainiacjoe_overflow_cross_hatched,
          serial_shops, nicolae_shop_hallway_stairs, nicolae_shop_behind_doors,
          nicolae_shop_rolling_square, shop,
          hellmonk_ecumenical_altar_watching_god
D:4:      layout_gridville, hellmonk_ghost_happy_afterlife
D:5:      layout_layer_cave, old_standard_altar,
          mainiacjoe_overflow_divided_tiny, gup_ossuary_entry_pyramid, uniq_ijyb
D:6:      lemuel_ratsnest, layout_basic, serial_shops, shop
D:7:      layout_basic, minmay_temple_entry_tees, grunt_decor_mini_mirrors,
          minmay_shop_grid_forest
D:8:      layout_loops_cross, serial_library_hellmonk_room_b, uniq_erica,
          uniq_psyche

Skill      XL: |  1  2  3  4  5  6  7  8  9 10 |
---------------+-------------------------------+-----
Stealth        | 2 3 4 5 6 8 |  8.0
Short Blades   | 1 2 3 |  3.0
Spellcasting   | 4 5 6 7 8 |  8.0
Conjurations   | 4 5 6 7 8 |  8.0
Hexes          | 4 5 6 7 8 |  8.0
Summonings     | 4 5 6 7 8 |  8.0
Necromancy     | 4 5 6 7 8 |  8.0
Translocations | 4 5 6 7 8 |  8.0
Fire Magic     | 4 5 6 7 8 |  8.0
Ice Magic      | 4 5 6 7 8 |  8.0
Air Magic      | 4 5 6 7 8 |  8.0
Earth Magic    | 4 5 6 7 8 |  8.0
Alchemy        | 4 5 6 7 8 |  8.0
Invocations    | 2 4 5 7 |  7.4
Fighting       | 1 |  1.3
Dodging        | |  2.1

Action                     |  1- 3 |  4- 6 |  7- 9 | 10-12 || total
---------------------------+-------+-------+-------+-------++-------
  Melee: Unarmed           |     3 |       |       |       ||     3
         Dagger            |       |     3 |    15 |       ||    18
         Punch             |       |       |     1 |       ||     1
   Cast: Foxfire           |    19 |    20 |    34 |     8 ||    81
         Scorch            |    20 |    49 |   215 |    61 ||   345
         Volatile Blastmot |     1 |     1 |     3 |       ||     5
         Flame Wave        |       |       |     1 |     2 ||     3
         Inner Flame       |       |       |     1 |       ||     1
 Invoke: Dark Bargain      |       |       |     1 |       ||     1
    Use: Scroll            |     4 |     2 |    10 |     1 ||    17
         Potion            |       |     2 |     4 |     2 ||     8
   Stab: Distracted        |       |       |     1 |       ||     1
 Armour: Robe              |     9 |    25 |    69 |    24 ||   127
  Dodge: Dodged            |    13 |    26 |    51 |    13 ||   103

Table legend: (Time is in decaauts)
 A = Elapsed time spent in this place.
 B = Non-inter-level travel time spent in this place.
 C = Inter-level travel time spent in this place.
 D = Time resting spent in this place.
 E = Time spent auto-exploring this place.
 F = Levels seen in this place.
 G = Mean time per level.
                   A        B        C        D        E       F      G
               +--------+--------+--------+--------+--------+-----+--------+
         Total |  12805 |  12037 |    768 |   6045 |   4566 |   9 | 1422.8 |
       Dungeon |  11574 |  10806 |    768 |   5211 |   4537 |   8 | 1446.8 |
       Ossuary |   1230 |   1230 |      0 |    834 |     29 |   1 | 1230.0 |
               +--------+--------+--------+--------+--------+-----+--------+

Top non-repeatable levels by time:
     D:6: 2813 daAuts
     D:4: 2223 daAuts
     D:7: 1675 daAuts
     D:5: 1523 daAuts
     D:3: 1419 daAuts
 Ossuary: 1230 daAuts
     D:2: 852 daAuts
     D:1: 648 daAuts
     D:8: 417 daAuts
